 Dungeon Crawl Stone Soup version 0.30.1-11-g7821555f0a (webtiles) character file.

Game seed: 1627951084543471574

140 Koll24 the Covered (level 5, -2/41 HPs)
             Began as a Human Fighter on Nov 25, 2023.
             Engulfed by a cloud of flame (11 damage)
             ... on level 3 of the Dungeon.
             The game lasted 00:33:09 (2925 turns).

Koll24 the Covered (Human Fighter)                  Turns: 2925, Time: 00:33:09

Health: -2/41      AC: 11    Str: 24    XL:     5   Next: 47%
Magic:  0/5        EV:  6    Int:  9    God:
Gold:   37         SH: 12    Dex: 12    Spells: 4/4 levels left

rFire   + . .        d - +0 morningstar (drain)
rCold   . . .        w - +0 tower shield
rNeg    . . .        e - +0 chain mail
rPois   .            h - +0 helmet
rElec   .            u - +0 cloak
rCorr   .            (no gloves)
SInv    .            (no boots)
Will    .....        r - amulet of guardian spirit Stlth
                     F - ring of protection from fire
HPRegen 0.26/turn    B - +6 ring of strength
MPRegen 0.09/turn

%: guardian spirit
@: no status effects
A: no striking features
a: no special abilities


You were on level 3 of the Dungeon.
You visited 1 branch of the dungeon, and saw 4 of its levels.

You collected 167 gold pieces.
You spent 130 gold pieces at shops.

Inventory:

Hand Weapons
 a - a +0 rapier
 d - a +0 morningstar of draining (weapon)
Missiles
 y - 5 poisoned darts
 D - 8 stones (quivered)
Armour
 b - a +0 scale mail
 c - a +0 buckler
 e - a +0 chain mail (worn)
 h - a +0 helmet (worn)
 n - an orb of energy
 u - a +0 cloak (worn)
 w - a +0 tower shield (worn)
 z - a +1 robe of resistance
Jewellery
 l - a +6 ring of dexterity
 p - a +5 ring of evasion
 r - an amulet of guardian spirit (around neck)
 t - a ring of willpower
 B - a +6 ring of strength (right hand)
 F - a ring of protection from fire (left hand)
Scrolls
 f - 3 scrolls of teleportation
 g - 3 scrolls of acquirement {unknown}
 i - 2 scrolls of vulnerability
 q - 3 scrolls of immolation {unknown}
 s - a scroll of poison
 x - a scroll of noise {unknown}
 C - a scroll of amnesia {unknown}
 E - a scroll of fear {unknown}
Potions
 j - a potion of flight
 k - a potion of invisibility
 m - a potion of attraction {unknown}
 o - 2 potions of haste {unknown}
 v - a potion of magic {unknown}


   Skills:
 + Level 3.4 Fighting
 + Level 3.1 Short Blades
 + Level 0.4 Maces & Flails
 + Level 1.5 Throwing
 + Level 3.8 Armour
 + Level 0.2 Dodging
 + Level 3.5 Shields


You had 4 spell levels left.
You didn't know any spells.
Your spell library was empty.

Dungeon Overview and Level Annotations

Branches:
Dungeon (4/15)
 Temple: D:4-7

Altars:
Vehumet

Shops:
D:1 =   D:2 *


Message History

The phantom hits you but does no damage.
You block the phantom's attack.
You closely miss the phantom.
The phantom is severely damaged.
You block the phantom's attack. x2
You closely miss the phantom.
The phantom is severely damaged.
The phantom hits you.
You closely miss the phantom.
The phantom is severely damaged.
You block the phantom's attack.
The phantom hits you but does no damage.
You closely miss the phantom.
The phantom is severely damaged.
The phantom hits you but does no damage.
You block the phantom's attack.
You closely miss the phantom.
The phantom is heavily damaged.
The phantom hits you.
The phantom hits you but does no damage.
You hit the phantom.
The phantom is severely damaged.
You block the phantom's attack.
You closely miss the phantom.
The phantom is severely damaged.
The phantom hits you.
The phantom blinks!
You blink.
The phantom hits you.
* * * LOW HITPOINT WARNING * * *
You closely miss the phantom.
The phantom is severely damaged.
The phantom hits you.
* * * LOW HITPOINT WARNING * * *
The phantom blinks!
You blink.
The phantom hits you.
* * * LOW HITPOINT WARNING * * *
The phantom blinks!
You blink.
The phantom attacks as you move away! You block the phantom's attack.
The phantom attacks as you move away!
The phantom hits you but does no damage.
Really walk into a travel-excluded area?
You are engulfed in blazing flames.
You resist.
You die...

#§..'......#
###.###......#
#........#####
##.#.####[#
#[.#.#<.#.#
#......##.#
#.°.○...#.#
#.._..#.#.#
#☼..@.W...#
#...§...###
##.###### #.#
###


You could see a phantom.

Vanquished Creatures
  An orc wizard (D:3)
  4 adders (D:2)
  2 worms
  2 dart slugs
  4 orcs (D:3)
  10 bats
  4 endoplasms
  3 giant cockroaches
  2 goblins (D:1)
  9 hobgoblins
  6 kobolds
  2 quokkas
  7 ball pythons
  5 frilled lizards
  5 rats
66 creatures vanquished.

Vanquished Creatures (others)
  A dart slug (D:3)
1 creature vanquished.

Grand Total: 67 creatures vanquished

Notes
Turn   | Place    | Note
-------+----------+-------------------------------------------
     0 | D:1      | Koll24 the Human Fighter began the quest for the Orb.
     0 | D:1      | Reached XP level 1. HP: 18/18 MP: 1/1
    55 | D:1      | Found Tiwn's Jewellery Boutique.
   111 | D:1      | Reached XP level 2. HP: 24/24 MP: 2/2
   127 | D:1      | Found a faded altar of an unknown god.
   456 | D:1      | Reached XP level 3. HP: 28/29 MP: 3/3
  1188 | D:2      | Reached XP level 4. HP: 26/35 MP: 4/4
  1336 | D:2      | Reached skill level 1 in Throwing
  1340 | D:2      | Found Juvaucw's Assorted Antiques.
  1380 | D:2      | Bought a scroll of identify for 52 gold pieces
  1775 | D:3      | Found a radiant altar of Vehumet.
  1897 | D:3      | Reached XP level 5. HP: 20/41 MP: 5/5
  2202 | D:2      | Bought a potion of curing for 78 gold pieces
  2772 | D:4      | Noticed a phantom
  2925 | D:3      | Engulfed by a cloud of flame

Illustrated notes

Levels and vault maps discovered:
D:1:      doesnt_arrival_eight_statues, layout_basic,
          shapermc_ecumenical_altar_starsandcircs, serial_shops, shop,
          lexackson_kobold_supper
D:2:      layout_basic, serial_shops, shop, grunt_ministairs_12,
          minmay_pentomino_x2
D:3:      layout_basic, fiery_altar_vehumet
D:4:      layout_loops_corners, kiku_gazebo_garden_becter,
          minmay_temple_entry_butterflies, serial_park_tiny_2

Skill      XL: |  1  2  3  4 |
---------------+-------------+-----
Throwing       | 1 |  1.5
Short Blades   | 3 |  3.1
Fighting       | |  3.4
Maces & Flails | |  0.4
Armour         | |  3.8
Dodging        | |  0.2
Shields        | |  3.5

Action                     |  1- 3 |  4- 6 || total
---------------------------+-------+-------++-------
  Melee: Rapier            |    76 |    81 ||   157
         Morningstar       |       |    51 ||    51
  Throw: Stone             |    18 |    12 ||    30
    Use: Scroll            |       |     6 ||     6
         Potion            |       |     3 ||     3
 Armour: Chain mail        |    37 |    67 ||   104
         Scale mail        |     1 |       ||     1
  Dodge: Dodged            |    26 |    42 ||    68
  Block: Buckler           |     9 |     4 ||    13
         Tower shield      |       |    75 ||    75
